 Dungeon Crawl Stone Soup version 0.22-a0-3-g4fa69d9a97 (webtiles) character file.

0 Manul the Ducker (level 1, -1/11 HPs)
             Began as a Spriggan Abyssal Knight on Jan 1, 2018.
             Was a Follower of Lugonu.
             Slain by a tentacled starspawn (7 damage)
             ... on level 3 of the Abyss.
             The game lasted 00:02:02 (575 turns).

Manul the Ducker (Spriggan Abyssal Knight)           Turns: 575, Time: 00:02:03

Health: -1/11      AC:  2    Str:  8    XL:     1   Next: 0%
Magic:  3/3        EV: 18    Int: 13    God:    Lugonu [*.....]
Gold:   121        SH:  0    Dex: 15    Spells: 0/0 levels left

rFire    . . .     SeeInvis +   a - +2 short sword
rCold    . . .     Gourm    .   (shield restricted)
rNeg     . . .     Faith    .   b - +0 robe
rPois    .         Spirit   .   (helmet restricted)
rElec    .         Reflect  .   (no cloak)
rCorr    .         Harm     .   (gloves unavailable)
MR       .....                  (boots unavailable)
Stlth    +.........             (no amulet)
HPRegen  0.03/turn              (no ring)
MPRegen  0.08/turn              (no ring)

@: very quick
A: very small, unfitting armour, see invisible, herbivore, speed 3, slow
metabolism 2
a: Depart the Abyss, Renounce Religion


You were on level 3 of the Abyss.
You worshipped Lugonu.
Lugonu was aware of your devotion.
You were not hungry.

You visited 0 branches of the dungeon, and saw 0 of its levels.
You visited the Abyss 1 time.

You collected 121 gold pieces.

Inventory:

Hand Weapons
 a - a +2 short sword (weapon)
Armour
 b - a +0 robe (worn)
Comestibles
 c - a ration


   Skills:
 + Level 2.4 Fighting
 + Level 2.1 Short Blades
 + Level 3.5 Dodging
 + Level 1.7 Invocations


You couldn't memorise any spells.
You didn't know any spells.

Dungeon Overview and Level Annotations

Branches:
Dungeon (0/15)

Altars:


Innate Abilities, Weirdness & Mutations

You are very small and have problems with some larger weapons.
You are too small for most types of armour.
You have supernaturally acute eyesight. (SInv)
You are a herbivore.
You cover ground extremely quickly.
You need consume almost no food.


Message History

You now have 99 gold pieces (gained 11).
You now have 121 gold pieces (gained 22).
You feel less vulnerable to hostile enchantments.
Found a scale mail.
Unknown command.
A tentacled starspawn comes into view.
A tentacle flies out from the starspawn's body!
A starspawn tentacle comes into view.
A starspawn tentacle comes into view.
The starspawn tentacle misses you.
You feel yourself growing ill in the presence of the ancient zyme.
An ancient zyme comes into view.
A smoke demon comes into view.
A small abomination comes into view.
Tentacles burst from the starspawn's body! 2 starspawn tentacles come into view.
The tentacled starspawn barely misses you.
The tentacled starspawn engulfs you!
Ouch! That really hurt!
You die...

###. # . .###. . #.x .
.#.# .#.. .# #.# #.
###..#.X. . ##.###
###..#. # . ..
###..#.#####.. ### #.X#
# .##.##..#.##.## .
##.##....#.##....### #
##..#.w─X─w.......
#.#####@###.###..#...#.#
..## #......# .### ##.
#..... #..##.### # # .
#.#.#. #.## #.# # #..#..
## . # ..3 .. . .. .#.
#. #. ##. ..


You could see a tentacled starspawn and 2 starspawn tentacles.

Vanquished Creatures (others)
  6 starspawn tentacles (Abyss:3)
6 creatures vanquished.

Notes
Turn   | Place    | Note
-------+----------+-------------------------------------------
     0 | Abyss:1  | Manul the Spriggan Abyssal Knight began the quest for the Orb.
     0 | Abyss:1  | Reached XP level 1. HP: 11/11 MP: 3/3
   128 | Abyss:1  | Noticed a small abomination
   159 | Abyss:1  | Noticed a bone dragon
   174 | Abyss:1  | Noticed a chaos spawn
   180 | Abyss:1  | Noticed a golden eye
   180 | Abyss:1  | Noticed a large abomination
   284 | Abyss:1  | Noticed a large abomination
   306 | Abyss:1  | Noticed a lorocyproca
   326 | Abyss:1  | Noticed a raiju
   356 | Abyss:1  | Noticed a death drake
   360 | Abyss:1  | Noticed a bone dragon
   364 | Abyss:1  | Noticed an orange demon
   376 | Abyss:1  | Noticed a small abomination
   400 | Abyss:1  | Noticed a wretched star
   401 | Abyss:1  | Noticed an iron imp
   402 | Abyss:1  | Noticed a black draconian
   404 | Abyss:1  | Noticed an apocalypse crab
   529 | Abyss:3  | Noticed a tentacled starspawn
   553 | Abyss:3  | Noticed an ancient zyme
   566 | Abyss:3  | Noticed a smoke demon
   569 | Abyss:3  | Noticed a small abomination
   575 | Abyss:3  | Slain by a tentacled starspawn

Vault maps used:
Abyss:3:  evilmike_abyss_exit_13

Action                   || total
-------------------------++-------
Melee: Short sword       ||     2
  Use: Scroll            ||     5
Dodge: Dodged            ||     2

Table legend:
 A = Spawn XP
 B = Non-spawn XP
 C = Spawn XP percentage of total XP
 D = Spawn monster count
 E = Non-spawn monster count
 F = Spawn count percentage of total count
 G = Total turns spent on level
                    A         B        C        D         E        F      G
               +---------+---------+-------+---------+---------+-------+---------
         Total |       0 |       0 |   N/A |       0 |       0 |   N/A |   575
               +---------+---------+-------+---------+---------+-------+---------
               +---------+---------+-------+---------+---------+-------+---------
